 Dungeon Crawl Stone Soup version 0.28.0-43-g3370ac3207 (webtiles) character file.

Game seed: 16178557972039753342

324 nickcage the Carver (level 6, -2/48 (51) HPs)
             Began as a Minotaur Fighter on Mar 7, 2022.
             Slain by a wight
             ... wielding a +0 scimitar
              (9 damage)
             ... on level 5 of the Dungeon on Mar 8, 2022.
             The game lasted 00:09:29 (4126 turns).

nickcage the Carver (Minotaur Fighter)              Turns: 4126, Time: 00:09:30

HP:   -2/48 (51)    AC:  8    Str: 22    XL:     6   Next: 23%
MP:   5/5           EV:  5    Int:  5    God:
Gold: 209           SH: 13    Dex: 10    Spells: 5/5 levels left

rFire   . . .      SeeInvis .   a - +0 long sword
rCold   . . .      Faith    .   g - +1 tower shield
rNeg    . . .      Spirit   .   b - +0 scale mail
rPois   .          Reflect  .   (helmet restricted)
rElec   .          Harm     .   (no cloak)
rCorr   .          Rampage  .   m - +0 pair of gloves
Will    .....                   (no boots)
Stlth   ..........              (no amulet)
HPRegen 0.16/turn               (no ring)
MPRegen 0.09/turn               (no ring)

@: drained
A: horns 2, retaliatory headbutt
a: no special abilities


You were on level 5 of the Dungeon.
You visited 1 branch of the dungeon, and saw 5 of its levels.

You collected 209 gold pieces.

Inventory:

Hand Weapons
 a - a +0 long sword (weapon)
Missiles
 j - 4 poisoned darts (quivered)
Armour
 b - a +0 scale mail (worn)
 c - a +0 buckler
 g - a +1 tower shield (worn)
 m - a +0 pair of gloves (worn)
Jewellery
 l - an amulet of faith
Wands
 e - a wand of flame (7)
 v - a wand of iceblast (7)
Scrolls
 n - 2 scrolls of enchant weapon {unknown}
 o - 4 scrolls of identify
 p - 2 scrolls of teleportation {unknown}
 r - 2 scrolls of noise {unknown}
 s - 3 scrolls of blinking {unknown}
 t - a scroll of silence
 u - a scroll of fear
Potions
 d - 2 potions of might
 f - a potion of attraction
 h - a potion of lignification {unknown}
 i - a potion of haste {unknown}
 k - 3 potions of flight
 q - 2 potions of curing {unknown}


   Skills:
 - Level 3.6 Fighting
 + Level 8.0 Long Blades
 + Level 0.4 Throwing
 - Level 3.6 Armour
 - Level 3.6 Shields


You had 5 spell levels left.
You didn't know any spells.
Your spell library contained the following spells:

 Spells                   Type           Power      Damage    Failure   Level
 Animate Skeleton         Necr           0%         N/A       100%        1
 Apportation              Tloc           0%         N/A       100%        1
 Summon Small Mammal      Summ           0%         N/A       100%        1
 Corpse Rot               Necr/Air       0%         N/A       100%        2
 Poisonous Vapours        Pois/Air       0%         N/A       100%        2
 Call Canine Familiar     Summ           0%         N/A       100%        3
 Portal Projectile        Hex/Tloc       0%         N/A       100%        3
 Summon Guardian Golem    Hex/Summ       0%         N/A       100%        3
 Leda's Liquefaction      Hex/Erth       0%         N/A       100%        4
 Blade Hands              Tmut           0%         N/A       100%        5
 Irradiate                Conj/Tmut      0%         3d14      100%        5
 Dragon Form              Tmut           0%         N/A       100%        7


Dungeon Overview and Level Annotations

Branches:
Dungeon (5/15)
 Temple: D:4-7

Altars:
Kikubaaqudgha
Ru
Vehumet
Yredelemnul
The Shining One


Innate Abilities, Weirdness & Mutations

You have a pair of horns on your head.
You reflexively headbutt those who attack you in melee.


Message History

The wight hits you with a +1 scimitar! x2; You feel drained.
You hit the wight. Your headbutt misses the wight.
The wight is lightly damaged.
The wight hits you with a +1 scimitar.
You feel drained.
You closely miss the wight. You headbutt the wight!
The wight is severely damaged.
The wight hits you with a +1 scimitar!
You feel drained. You block the wight's attack.
You are too injured to fight recklessly!
You hit the wight but do no damage. Your headbutt misses the wight.
The wight is severely damaged.
The wight hits you but does no damage.
You hit the wight but do no damage. Your headbutt misses the wight.
The wight is severely damaged.
You block the wight's attack.
You slash the wight!
You destroy the wight!
Your Long Blades skill increases to level 8!
A wight comes into view. It is wielding a +0 scimitar.
Things that are here:
a +1 scimitar; a +0 robe You hit the wight.
Your headbutt misses the wight.
The wight is lightly damaged.
You block the wight's attack.
You barely miss the wight.
The wight is lightly damaged.
The wight hits you with a +0 scimitar.
* * * LOW HITPOINT WARNING * * *
The wight barely misses you.
You hit the wight. Your headbutt misses the wight.
The wight is moderately damaged.
You block the wight's attack.
You hit the wight. Your headbutt misses the wight.
The wight is heavily damaged.
The wight hits you with a +0 scimitar!
* * * LOW HITPOINT WARNING * * *
You hit the wight.
The wight is severely damaged.
The wight barely misses you. The wight hits you with a +0 scimitar!
You die...

...# ###..# . ....
#. ###.#### #..
#....).#
.#...####.#.##.#
.......#....#.#
........z...#.#
.......@..###.# ###
............#.# ....
####.#.##.#.#.# ....
#....#.#..#.#.#
.....#....>.#).....#
.....#....#......###
#......##########
#......#
#......#########


You could see a wight.

Vanquished Creatures
  An ogre (D:4)
  2 wights (D:5)
  An iguana (D:4)
  Robin (D:3)
  3 adders
  An adder skeleton (D:4)
  3 worms (D:2)
  4 dart slugs
  An orc (D:4)
  10 endoplasms
  18 goblins
  6 hobgoblins
  3 kobolds
  4 quokkas
  4 ball pythons
  7 bats
  2 frilled lizards (D:1)
  6 rats
77 creatures vanquished.

Vanquished Creatures (others)
  2 plants (D:5)
2 creatures vanquished.

Grand Total: 79 creatures vanquished

Notes
Turn   | Place    | Note
-------+----------+-------------------------------------------
     0 | D:1      | nickcage the Minotaur Fighter began the quest for the Orb.
     0 | D:1      | Reached XP level 1. HP: 19/19 MP: 0/0
   127 | D:1      | Reached skill level 3 in Long Blades
   179 | D:1      | Reached XP level 2. HP: 23/26 MP: 1/1
   503 | D:1      | Reached skill level 4 in Long Blades
   713 | D:1      | Found a faded altar of an unknown god.
   849 | D:1      | Reached XP level 3. HP: 31/31 MP: 2/2
  1708 | D:2      | Found a radiant altar of Vehumet.
  1843 | D:2      | Reached skill level 5 in Long Blades
  2108 | D:3      | Noticed Robin
  2134 | D:3      | Reached XP level 4. HP: 23/39 MP: 3/3
  2138 | D:3      | Killed Robin
  2445 | D:3      | Found an ancient bone altar of Kikubaaqudgha.
  2514 | D:3      | Found a basalt altar of Yredelemnul.
  2542 | D:3      | Found a sacrificial altar of Ru.
  3276 | D:4      | Noticed an ogre
  3283 | D:4      | Killed an ogre
  3284 | D:4      | Reached skill level 6 in Long Blades
  3284 | D:4      | Reached XP level 5. HP: 45/45 MP: 4/4
  3375 | D:4      | Reached skill level 7 in Long Blades
  3845 | D:4      | Found a glowing golden altar of the Shining One.
  3949 | D:5      | Entered Level 5 of the Dungeon
  4016 | D:5      | Reached XP level 6. HP: 36/51 MP: 5/5
  4115 | D:5      | Reached skill level 8 in Long Blades
  4126 | D:5      | Slain by a wight

Illustrated notes

Levels and vault maps discovered:
D:1:      minmay_arrival_five_plusses, layout_basic,
          hellmonk_ecumenical_altar_inner_sanctum
D:2:      layout_rooms, chequers_jeans, kennysheep_flooded_box,
          kennysheep_generic_room_7
D:3:      wad_lake_hut, layout_loops_ring, nicolae_overflow_crystal_walls,
          mainiacjoe_overflow_catch_the_wave, uniq_robin
D:4:      layout_basic, tso_oasis_becter
D:5:      lemuel_castle_with_subvaults [lemuel_castle_interior_carwin_1],
          layout_basic, overflow_temple_1_default,
          minmay_temple_entry_gardened_gates

Skill      XL: |  1  2  3  4  5  6 |
---------------+-------------------+-----
Long Blades    | 3 4 5 6 7 8 |  8.0
Fighting       | |  3.6
Throwing       | |  0.4
Armour         | |  3.6
Shields        | |  3.6

Action                   |  1- 3 |  4- 6 || total
-------------------------+-------+-------++-------
Melee: Long sword        |   112 |    91 ||   203
       Headbutt          |     9 |    13 ||    22
Throw: Dart              |       |     4 ||     4
  Use: Scroll            |     6 |       ||     6
Armor: Scale mail        |    45 |    43 ||    88
Dodge: Dodged            |    18 |    16 ||    34
Block: Tower shield      |    78 |    80 ||   158
